Unix NetHack Version 5.0.0-0 post-release - last build Jun 10 2026 00:39:30 (3ee93aec679c4c4259841fe613dc97188e26a321,branch:main).

Game began 2026-06-29 01:43:32, ended 2026-06-29 01:53:03.

Atrocia, chaotic male elven Priest

                                                                         ---
                                                                        --G--
                                                                        |...--
                                                                       --..G.|
                                                                     ---...*@|
                                                                     |.G....--
                                                                     |.--.
                                                                     |.|
                                                                     |.|
                                                                     |.|
                                                                     |.|
                                                                     |.|
                                                                     |.|
                                                                     |.|
                                                                     |.|
                                                                     |.|
                                                                   ---.|
                                                                   |<..|
                                                                   ....|
                                                                    ---

Atrocia the Acolyte          St:13 Dx:16 Co:9 In:8 Wi:20 Ch:12  Chaotic
Dlvl:3  $:265 HP:0(28) Pw:27(27) AC:1  Xp:3 T:1237  Burdened

Latest messages:
 You kill the goblin!
 You fall down the stairs.
 The gnome misses!
 You miss the gnome.
 The gnome hits!
 You miss the gnome.
 You kill the gnome!
 Welcome to experience level 3.
 You see here a partly used candle (lit).
 You have a little trouble lifting y - a partly used candle (lit).
 What do you want to use or apply? [iy or ?*] y
 You snuff out your candle.
 You hear rumbling in the distance.
 What do you want to eat? [efkostw or ?*] <esc>
 Never mind.
 The dwarf swings her broad pick.
 The dwarf misses!
 You hit the dwarf.
 The dwarf swings her broad pick.
 The dwarf hits!
 You miss the dwarf.
 The dwarf swings her broad pick.
 The dwarf misses!
 You miss the dwarf.
 The gnome shoots 2 crossbow bolts!
 The gnome is hit.
 The gnome is hit.
 You kill the dwarf!
 Elf needs food, badly!
 Are you sure you want to pray? [yn] (n) y
 You begin praying to Loki.
 You are surrounded by a shimmering light.
 The gnome picks up a pair of hard shoes.
 The gnome starts to attack you, but pulls back.
 You finish your prayer.
 You feel that Loki is well-pleased.
 Your stomach feels content.
 You miss the gnome.
 The gnome hits!
 You miss the gnome.
 The gnome hits!
 You kill the gnome!
 The gnome hits!
 Are you waiting to get hit?  Use 'm' prefix to force a no-op (to rest).
 You miss the gnome.
 The gnome hits!
 You miss the gnome.
 The gnome hits!
 You die...
 Do you want your possessions identified? [ynq] (y) q

Inventory:
 Coins    ('$')
  $ - 265 gold pieces
 Weapons  (')')
  p - 9 +0 darts
  r - a cursed +0 orcish dagger
  a - a blessed +1 mace (weapon in right hand)
  j - a cursed +0 quarterstaff
 Armor    ('[')
  c - a +0 small shield (being worn)
  b - a +0 robe (being worn)
  m - a +0 splint mail (being worn)
 Comestibles  ('%')
  e - a clove of garlic
  o - 2 cram rations
  t - 3 food rations
  k - a cursed food ration
  s - a fortune cookie
  f - a sprig of wolfsbane
  w - a lichen corpse
 Scrolls  ('?')
  l - a blessed scroll of destroy armor
  u - a scroll of earth
 Potions  ('!')
  q - a cursed potion of healing
  d - 4 potions of holy water
 Tools    ('(')
  i - a tooled horn
  y - a partly used wax candle
 Gems/Stones  ('*')
  x - a worthless piece of violet glass

Atrocia the Priest's attributes:

Background:
 You were an Acolyte, a level 3 elven Priest.
 You were chaotic, on a mission for Loki
 who was opposed by Tyr (lawful) and Odin (neutral).
 You were right-handed.
 You were in the Gnomish Mines, on level 3.
 You entered the dungeon 1237 turns ago.
 It was nighttime.
 There was a full moon in effect when your adventure ended.
 You had 61 experience points, 19 more were needed to attain level 4.

Basics:
 You had 0 out of 28 hit points.
 You had all 27 energy points (spell power).
 Your armor class was 1.
 Your wallet contained 265 zorkmids.
 Autopickup was on for '$"?+!=/' plus thrown.

Final Characteristics:
 Your strength was 13 (limit:18).
 Your dexterity was 16 (limit:18).
 Your constitution was 9 (limit:16).
 Your intelligence was 8 (limit:20).
 Your wisdom was 20 (limit:20).
 Your charisma was 12 (limit:18).

Final Status:
 You weren't hungry.
 You were burdened; movement was slightly slowed.
 You were wielding a mace.
 You had basic skill with mace.

Final Attributes:
 You were devoutly aligned.
 You had infravision.
 You were guarded.
 Your spell casting was impaired by metallic armor, mitigated by your robe.
 You were lucky.
 You are dead.

Miscellaneous:
 You didn't encounter any bones levels.
 Total elapsed playing time was 9 minutes and 30 seconds.

Major events:
 Turn
    1: Atrocia the chaotic elven Priest entered the dungeon
 1177: entered the Gnomish Mines
 1181: attained the rank of Acolyte (level 3)
 1237: killed by a gnome

Spells:
 Name                 Level Category     Fail Retention
 light                  1   clerical      30%  91%-100%
 remove curse           3   clerical       0%  91%-100%

Skills:
 Fighting Skills
   bare handed combat [Unskilled]
 Weapon Skills
   club               [Unskilled]
   mace               [Basic]
   morning star       [Unskilled]
   flail              [Unskilled]
   hammer             [Unskilled]
   quarterstaff       [Unskilled]
   polearms           [Unskilled]
   spear              [Unskilled]
   trident            [Unskilled]
   lance              [Unskilled]
   bow                [Unskilled]
   sling              [Unskilled]
   crossbow           [Unskilled]
   dart               [Unskilled]
   shuriken           [Unskilled]
   boomerang          [Unskilled]
   unicorn horn       [Unskilled]
 Spellcasting Skills
   healing spells     [Unskilled]
   divination spells  [Unskilled]
   clerical spells    [Basic]

Voluntary challenges:
 Character rerolling was not enabled.
 You were illiterate.
 You never genocided any monsters.
 You never polymorphed an object.
 You never changed form.
 You used no wishes.
Achievements:
 You entered a shop.
 You entered the Gnomish Mines.
 You attained the rank of Acolyte.

 The Dungeons of Doom: levels 1 to 3
    Level 1:
       A fountain.
    Level 2:
       A scroll shop.
       Stairs down to The Gnomish Mines.
    Level 3:
       An altar, some fountains.
 The Gnomish Mines:
    Level 3: <- You were here.
       Final resting place for
          you, killed by a gnome.


Vanquished creatures:
  a kitten
  2 dwarves
  a large kobold
  2 gnomes
  2 jackals
  a kobold
  2 goblins
  2 sewer rats
  3 grid bugs
  2 lichens
  a newt
19 creatures vanquished.

No species were genocided or became extinct.

Game over:
                       ----------
                      /          \
                     /    REST    \
                    /      IN      \
                   /     PEACE      \
                  /                  \
                  |     Atrocia      |
                  |      265 Au      |
                  |   killed by a    |
                  |      gnome       |
                  |                  |
                  |                  |
                  |       2026       |
                 *|     *  *  *      | *
        _________)/\\_//(\/(/\)/\//\/|_)_______

Goodbye Atrocia the Priest...

You died in The Gnomish Mines on dungeon level 3 with 583 points,
and 265 pieces of gold, after 1237 moves.
You were level 3 with a maximum of 28 hit points when you died.

